 Dungeon Crawl Stone Soup version 0.26-a0-682-g294304f6e8 (webtiles) character file.

Game seed: 5840696884280007851

298 Decritt the Skirmisher (level 6, -5/56 HPs)
             Began as a Minotaur Fighter on Oct 20, 2020.
             Slain by Menkaure (9 damage)
             ... on level 3 of the Dungeon.
             The game lasted 00:08:04 (2385 turns).

Decritt the Skirmisher (Minotaur Fighter)           Turns: 2385, Time: 00:08:04

Health: -5/56      AC: 15    Str: 21    XL:     6   Next: 13%
Magic:  5/5        EV:  5    Int:  5    God:
Gold:   214        SH:  9    Dex: 11    Spells: 5/5 levels left

rFire    + . .     SeeInvis .   m - +1 spear (venom)
rCold    x . .     Faith    .   c - +0 kite shield
rNeg     + . .     Spirit   .   t - +0 plate armour
rPois    .         Reflect  .   (helmet restricted)
rElec    .         Harm     .   w - +2 cloak
rCorr    .         Rampage  .   (no gloves)
MR       .....                  (no boots)
Stlth    ..........             (no amulet)
HPRegen  0.18/turn              u - ring of positive energy
MPRegen  0.09/turn              v - ring of fire

@: mighty
A: retaliatory headbutt, horns 2
a: no special abilities


You were on level 3 of the Dungeon.
You visited 1 branch of the dungeon, and saw 4 of its levels.

You collected 214 gold pieces.

Inventory:

Hand Weapons
 a - a +0 war axe
 m - a +1 spear of venom (weapon)
Missiles
 x - 4 boomerangs (quivered)
Armour
 c - a +0 kite shield (worn)
 t - a +0 plate armour (worn)
 w - a +2 cloak (worn)
Jewellery
 u - a ring of positive energy (left hand)
 v - a ring of fire (right hand)
Scrolls
 b - a scroll of random uselessness {unknown}
 f - 2 scrolls of enchant weapon {unknown}
 g - 2 scrolls of fear {unknown}
 h - a scroll of enchant armour {unknown}
 i - 4 scrolls of teleportation {unknown}
 o - a scroll of identify {unknown}
 q - a scroll of remove curse {unknown}
Potions
 d - 2 potions of might
 e - a potion of invisibility {unknown}
 j - a potion of magic
 k - a potion of haste {unknown}
 l - a potion of heal wounds {unknown}
 n - a potion of stabbing {unknown}
 p - a potion of resistance {unknown}
 r - a potion of curing {unknown}
 s - a potion of cancellation {unknown}


   Skills:
 * Level 5.4 Fighting
 * Level 4.7 Axes
 + Level 4.5 Armour
 + Level 2.2 Dodging
 + Level 4.5 Shields


You had 5 spell levels left.
You didn't know any spells.
Your spell library was empty.

Dungeon Overview and Level Annotations

Branches:
Dungeon (4/15)
 Temple: D:4-7

Altars:
Fedhas
Gozag

Shops:
D:4 }

Annotations:
D:3 Menkaure


Innate Abilities, Weirdness & Mutations

You reflexively headbutt those who attack you in melee.
You have a pair of horns on your head.


Message History

Quiver which item? (- for none, * to show all) (? for menu, Esc to quit)
Okay, then.
Quiver which item? (- for none, * to show all) (? for menu, Esc to quit)
Okay, then.
Unknown command.
It was a potion of magic.
Magic courses through your body.
Menkaure calls on the powers of darkness!
You feel a surge of unholy energy.
You feel very mighty all of a sudden. Menkaure hits you but does no damage.
You puncture Menkaure!
Menkaure is moderately damaged.
Menkaure calls on the powers of darkness!
Your body is wracked with pain!
* * * LOW HITPOINT WARNING * * *
Menkaure barely misses you.
You completely miss Menkaure.
Menkaure is moderately damaged.
Menkaure hits you!
You die...

...#.........#...................
#########.÷...#.###.....##..>..>.
######..........# #####..#.......
.......##...#.##########.÷.......
#########.......................#
# #...##..######....#.....# #
#...###.# ###..##........ # #####
#.###...###........ #.@M.[###
#........ ####### #.......#
####...## #####


You could see Menkaure (fast).

Vanquished Creatures
  An ogre (D:4)
  A howler monkey (D:4)
  An iguana (D:4)
  6 adders
  5 worms
  2 dart slugs
  3 leopard geckos
  3 orcs
  2 ball pythons
  3 giant cockroaches
  3 goblins
  6 hobgoblins
  12 jackals
  3 quokkas
  3 bats
  7 frilled lizards
  3 kobolds
  10 rats
74 creatures vanquished.

Vanquished Creatures (others)
  2 fungi (D:4)
2 creatures vanquished.

Grand Total: 76 creatures vanquished

Notes
Turn   | Place    | Note
-------+----------+-------------------------------------------
     0 | D:1      | Decritt the Minotaur Fighter began the quest for the Orb.
     0 | D:1      | Reached XP level 1. HP: 19/19 MP: 0/0
   274 | D:1      | Reached XP level 2. HP: 26/27 MP: 1/1
   599 | D:1      | Reached skill level 4 in Fighting
   777 | D:2      | Found a blossoming altar of Fedhas.
   781 | D:2      | Found an opulent altar of Gozag.
   826 | D:2      | Reached skill level 1 in Dodging
   826 | D:2      | Reached XP level 3. HP: 21/33 MP: 2/2
  1080 | D:2      | Reached XP level 4. HP: 38/41 MP: 3/3
  2000 | D:3      | Reached XP level 5. HP: 43/47 MP: 4/4
  2240 | D:4      | Found Beaja's Gadget Emporium.
  2312 | D:4      | Noticed an ogre
  2320 | D:4      | Killed an ogre
  2320 | D:4      | Reached skill level 5 in Fighting
  2324 | D:4      | Reached XP level 6. HP: 56/56 MP: 5/5
  2350 | D:4      | Noticed Menkaure
  2385 | D:3      | Slain by Menkaure

Illustrated notes

Levels and vault maps discovered:
D:1:      dpeg_arrival_boxorama, layout_loops_ring
D:2:      layout_basic, grunt_temple_overflow_open, minmay_pentomino_v4
D:3:      layout_rooms
D:4:      layout_basic, lemuel_coloured_pillars_altar, serial_shops,
          nicolae_shop_stone, gup_ossuary_entry_pyramid, fedhas_altar_3,
          uniq_edmund, uniq_menkaure

Skill      XL: |  1  2  3  4  5 |
---------------+----------------+-----
Fighting       | 4 5 |  5.4
Axes           | 3 4 |  4.7
Dodging        | 1 2 |  2.2
Shields        | 4 |  4.5
Armour         | 4 |  4.5

Action                   |  1- 3 |  4- 6 || total
-------------------------+-------+-------++-------
Melee: War axe           |    56 |       ||    56
       Headbutt          |    12 |    12 ||    24
       Spear             |    27 |    85 ||   112
Throw: Boomerang         |       |    40 ||    40
  Use: Potion            |       |     2 ||     2
Armor: Scale mail        |    50 |     4 ||    54
       Plate armour      |       |     7 ||     7
Dodge: Dodged            |    27 |    15 ||    42
Block: Kite shield       |    41 |    26 ||    67

Table legend: (Time is in decaauts)
 A = Elapsed time spent in this place.
 B = Non-inter-level travel time spent in this place.
 C = Inter-level travel time spent in this place.
 D = Time resting spent in this place.
 E = Time spent auto-exploring this place.
 F = Levels seen in this place.
 G = Mean time per level.
                   A        B        C        D        E       F      G
               +--------+--------+--------+--------+--------+-----+--------+
         Total |   2429 |   2373 |     56 |      0 |   1879 |   4 |  607.2 |
       Dungeon |   2429 |   2373 |     56 |      0 |   1879 |   4 |  607.2 |
               +--------+--------+--------+--------+--------+-----+--------+

Top non-repeatable levels by time:
     D:2: 1073 daAuts
     D:1: 710 daAuts
     D:3: 513 daAuts
     D:4: 131 daAuts
